 Dungeon Crawl Stone Soup version 0.28.0 (webtiles) character file.

Game seed: 18264663289862550870

152020 danielguo94 the Bludgeoner (level 17, -11/127 HPs)
             Began as a Gargoyle Fighter on Feb 5, 2022.
             Was the Champion of the Shining One.
             Mangled by a culicivora (28 damage)
             ... on level 3 of the Spider Nest.
             The game lasted 00:48:41 (26325 turns).

danielguo94 the Bludgeoner (Gargoyle Fighter)      Turns: 26325, Time: 00:48:42

Health: -11/127    AC: 31    Str: 24      XL:     17   Next: 57%
Magic:  20/20      EV: 11    Int:  9      God:    the Shining One [******]
Gold:   1484       SH: 13    Dex: 18 (19) Spells: 16/16 levels left

rFire   + . .      SeeInvis +   g - +7 eveningstar (freeze)
rCold   + + .      Faith    .   c - +0 kite shield
rNeg    + + +      Spirit   .   q - +2 chain mail {rPois}
rPois   ∞          Reflect  .   R - +0 helmet {SInv}
rElec   +          Harm     .   x - scarf {rC+ rF+}
rCorr   .          Rampage  .   (no gloves)
Will    +....                   d - +0 pair of boots
Stlth   ..........              W - amulet of Vitality {Regen+ HP+15}
HPRegen 1.11/turn               B - ring "Luarroen" {rC+ Str-2 Dex+2 Slay+5}
MPRegen 0.17/turn               m - +6 ring of dexterity

@: flying, glowing, studying Armour
A: sickness immunity, AC +12, big wings, negative energy resistance 1,
electricity resistance, torment resistance 1, petrification resistance
a: Renounce Religion, Divine Shield, Cleansing Flame, Summon Divine Warrior


You were on level 3 of the Spider Nest.
You worshipped the Shining One.
The Shining One was exalted by your worship.
You visited 5 branches of the dungeon, and saw 27 of its levels.
You also visited: Ossuary and Gauntlet.

You collected 2755 gold pieces.
You spent 1271 gold pieces at shops.

Inventory:

Hand Weapons
 f - a +4 broad axe of holy wrath
 g - a +7 eveningstar of freezing (weapon)
 H - a +2 broad axe of electrocution
 T - a +2 vorpal morningstar
Missiles
 p - 7 poisoned darts (quivered)
 s - 4 curare-tipped darts
 u - 10 silver javelins
 v - 14 atropa-tipped darts
 S - 14 javelins
Armour
 c - a +0 kite shield (worn)
 d - a +0 pair of boots (worn)
 q - a +2 chain mail of poison resistance (worn)
 x - a scarf of resistance (worn)
 z - the +3 ring mail of the Dungeon {+Inv rN+++ Regen+ Stlth-}
   (You found it on level 6 of the Dungeon)

   rN:        It renders you almost immune to negative energy.
   +Inv:      It lets you turn invisible.
   Regen:     It increases your rate of health regeneration.
   Stlth:     It makes you less stealthy.
 R - a +0 helmet of see invisible (worn)
Jewellery
 m - a +6 ring of dexterity (right hand)
 y - a ring of protection from fire
 B - the ring "Luarroen" (left hand) {rC+ Str-2 Dex+2 Slay+5}
   (You found it on level 7 of the Dungeon)

   [ring of protection from cold]

   Str:       It affects your strength (-2).
   Dex:       It affects your dexterity (+2).
   Slay:      It affects your accuracy & damage with ranged weapons and melee
   (+5).
   rC:        It protects you from cold.
 D - a +4 ring of protection
 F - an amulet of guardian spirit
 P - the amulet "Ashrayl" {Regen+ Str+5 Dex+3 Stlth-}
   (You found it in a Gauntlet)

   [amulet of regeneration]

   Str:       It affects your strength (+5).
   Dex:       It affects your dexterity (+3).
   Regen:     It increases your rate of health regeneration.
   Stlth:     It makes you less stealthy.
 W - the amulet of Vitality (around neck) {Regen+ HP+15}
   (You found it on level 10 of the Dungeon)

   [amulet of regeneration]

   HP:        It affects your health (+15).
   Regen:     It increases your rate of health regeneration.
Wands
 a - a wand of flame (13)
 b - a wand of iceblast (35)
 i - a wand of paralysis (6)
 j - a wand of digging (7)
 O - a wand of acid (18)
 U - a wand of polymorph (14)
Scrolls
 e - 2 scrolls of magic mapping
 k - 7 scrolls of fog
 l - 10 scrolls of teleportation
 n - 5 scrolls of fear
 t - 5 scrolls of immolation
 w - 2 scrolls of enchant armour
 A - a scroll of blinking
 E - 2 scrolls of summoning
 J - 3 scrolls of holy word
 N - 2 scrolls of silence
 V - 2 scrolls of brand weapon
 Z - a scroll of vulnerability
Potions
 o - 4 potions of cancellation
 r - 4 potions of lignification
 C - 4 potions of mutation
 G - 7 potions of curing
 I - a potion of magic {unknown}
 K - 3 potions of heal wounds
 L - 3 potions of attraction
 M - 2 potions of berserk rage
 Q - 3 potions of haste
 X - a potion of might
 Y - 3 potions of ambrosia


   Skills:
 + Level 14.6 Fighting
 * Level 19.4 Maces & Flails
 + Level 14.1 Armour
 + Level 6.2 Dodging
 + Level 12.7 Shields
 * Level 4.1 Invocations
 + Level 10.5 Evocations


You had 16 spell levels left.
You didn't know any spells.
Your spell library contained the following spells:

 Spells                   Type           Power      Damage    Failure   Level
 Animate Skeleton         Necr           0%         N/A       98%         1
 Apportation              Tloc           0%         N/A       98%         1
 Freeze                   Ice            0%         1d3       98%         1
 Slow                     Hex            0%         N/A       98%         1
 Summon Small Mammal      Summ           0%         N/A       98%         1
 Blink                    Tloc           0%         N/A       99%         2
 Ensorcelled Hibernation  Hex/Ice        0%         N/A       99%         2
 Confusing Touch          Hex            0%         N/A       100%        3
 Dazzling Flash           Conj/Hex       0%         N/A       100%        3
 Frozen Ramparts          Ice            0%         1d2       100%        3
 Lesser Beckoning         Tloc           0%         N/A       100%        3
 Ozocubu's Armour         Ice            0%         N/A       100%        3
 Spider Form              Tmut/Pois      0%         N/A       100%        3
 Vampiric Draining        Necr           0%         2d6       100%        3
 Anguish                  Hex/Necr       0%         N/A       100%        4
 Hailstorm                Conj/Ice       0%         3d3       100%        4
 Ice Form                 Ice/Tmut       0%         N/A       100%        4
 Summon Ice Beast         Ice/Summ       0%         N/A       100%        4
 Summon Lightning Spire   Summ/Air       0%         N/A       100%        4
 Agony                    Necr           0%         N/A       100%        5
 Alistair's Intoxication  Tmut/Pois      0%         N/A       100%        5
 Fireball                 Conj/Fire      0%         3d3       100%        5
 Freezing Cloud           Conj/Ice/Air   0%         6-21      100%        5
 Iskenderun's Battlesphe  Conj           0%         2d6       100%        5
 Manifold Assault         Tloc           0%         N/A       100%        5
 Metabolic Englaciation   Hex/Ice        0%         N/A       100%        5
 Silence                  Hex/Air        0%         N/A       100%        5
 Summon Mana Viper        Hex/Summ       0%         N/A       100%        5
 Conjure Ball Lightning   Conj/Air       0%         3x3d6     100%        6
 Simulacrum               Ice/Necr       0%         N/A       100%        6
 Monstrous Menagerie      Summ           0%         N/A       100%        7
 Orb of Destruction       Conj           0%         9d5       100%        7
 Storm Form               Tmut/Air       0%         N/A       100%        7
 Maxwell's Capacitive Co  Air            0%         ∞         100%        8
 Polar Vortex             Ice            0%         N/A       100%        9


Dungeon Overview and Level Annotations

Branches:
Dungeon (15/15)            Temple (1/1) D:7            Lair (6/6) D:9
  Swamp (0/4) Lair:4       Spider (3/4) Lair:4        Slime (0/5) Lair:6
    Orc (2/2) D:12            Elf (0/3) Orc:2        Vaults (0/5) D:14
 Depths (0/4) D:15        Ossuary (visited)         Gauntlet (visited)

Altars:
Ashenzari
Cheibriados
Dithmenos
Elyvilon
Fedhas
Gozag
Hepliaklqana
Kikubaaqudgha
Makhleb
Nemelex Xobeh
Okawaru
Qazlal
Ru
Sif Muna
Trog
Uskayaw
Vehumet
Wu Jian
Xom
Yredelemnul
Zin
The Shining One
Jiyva

Shops:
D:14 *   Orc:1 (   Orc:2 =(*?=

Portals:
Trove: D:10 (give +6 demon blade)

Annotations:
D:15 1 exclusion
Lair:6 3 runed translucent doors, Zonian's ghost, journeyman DjIE
Spider:2 2 transporters, Vuykkinei's ghost, adept TrBe


Innate Abilities, Weirdness & Mutations

You are immune to sickness and miasma.
Your stone body is resilient. (AC +12)
You are immune to poison.
Your large and strong wings let you fly.
You resist negative energy. (rN+)
You are resistant to electric shocks. (rElec)
You are resistant to unholy torment.
You are immune to petrification.


Message History

You feel your strength returning.
Unknown command.
You hit the culicivora. You freeze the culicivora.
The culicivora is lightly wounded.
You block the culicivora's attack. x2
The culicivora bites you but does no damage.
Unknown command.
You closely miss the culicivora.
The culicivora is lightly wounded.
The culicivora bites you but does no damage.
You block the culicivora's attack. x2; The culicivora bites you!!
Unknown command.
You spit the culicivora like a pig!!! You freeze the culicivora!
You kill the culicivora!
The Shining One accepts your kill. The culicivora bites you!!
Unknown command.
You impale the jumping spider!! You freeze the jumping spider!
You kill the jumping spider!
The culicivora closely misses you. You block the culicivora's attack.
Unknown command.
You bludgeon the moth of wrath!! You freeze the moth of wrath!
The moth of wrath is almost dead.
You block the culicivora's attack. x2; You block the moth of wrath's attack.
Unknown command.
You bludgeon the moth of wrath!! You freeze the moth of wrath.
You kill the moth of wrath!
The culicivora bites you!! The culicivora misses you.
Unknown command.
You are too injured to fight recklessly!
Unknown command.
You are too injured to fight recklessly!
Unknown command.
You are too injured to fight recklessly!
The culicivora bites you!
* * * LOW HITPOINT WARNING * * *
You barely miss the culicivora. The culicivora bites you!!
* * * LOW HITPOINT WARNING * * *
The culicivora bites you!!
You die...

##..........##
#.....(.....^#
...........^.##
...............
.^..........[.#
..........^..#
......††....#
##s# #@## #.#
######.#
###...##.#
#######........#
##..............#
#....>..........#
#......^.......##
#..............#


You could see a culicivora (berserk).

Vanquished Creatures
  Jorgrun (D:14)
  Mlioglotl (Spider:1)
  Rupert (Spider:1)
  Asterion (Spider:1)
  An orc warlord (D:11)
  4 ghost moths
  Azrael (D:14)
  Nessos (D:14)
  The ghost of Tinen the Brawler, a journeyman TrMo of Wu Jian (D:12)
  2 entropy weavers (Spider:3)
  A spark wasp (Spider:1)
  2 minotaurs
  The ghost of Xqipyl the Destroyer, a journeyman GrFE of Vehumet (D:12)
  The ghost of Ixoagrun the Bludgeoner, a journeyman MiFi of Okawaru (Lair:3)
  2 fire dragons (D:15)
  A yaktaur captain (D:14)
  A jorogumo (Spider:2)
  7 hydras
  2 boulder beetles
  4 ogre magi
  A catoblepas (Gauntlet)
  3 centaur warriors
  23 death yaks
  A death knight (D:14)
  18 two-headed ogres
  2 tengu warriors
  Urug (D:10)
  A hell knight (D:15)
  8 pharaoh ants
  A goliath frog (Lair:6)
  4 skeletal warriors (D:14)
  3 orb spiders
  4 deep trolls (D:10)
  2 steelbarb worms
  A wizard (D:14)
  13 wolf spiders
  An ugly thing (D:12)
  3 deep elf pyromancers
  An oklob plant (Lair:3)
  5 cyclopes
  5 manticores
  4 moths of wrath
  4 black mambas
  7 elephants (Lair:5)
  A molten gargoyle (Gauntlet)
  An unseen horror (D:13)
  4 gargoyles
  4 demonic crawlers
  2 tengu conjurers (Gauntlet)
  21 cane toads
  A rime drake (Lair:1)
  2 freezing wraiths (D:14)
  2 efreet
  A kobold demonologist (D:11)
  11 komodo dragons
  A yaktaur (shapeshifter) (D:15)
  2 yaktaurs (D:14)
  9 meliai
  7 trolls
  4 tyrant leeches
  Prince Ribbit (D:8)
  14 tarantellas
  A wolf spider simulacrum (D:15)
  7 slime creatures
  25 blink frogs
  16 jumping spiders
  A centaur simulacrum (D:15)
  19 yaks
  19 culicivoras
  A shadow (D:12)
  4 wyverns
  6 wraiths
  2 fire elementals (D:14)
  6 basilisks
  3 steam dragons
  A redback (shapeshifter) (D:14)
  11 vampire mosquitoes
  33 redbacks
  2 acid dragons
  A warg (D:12)
  17 water moccasins
  8 hell hounds
  17 orc warriors
  A black bear (D:7)
  A swamp drake (D:9)
  4 sky beasts
  27 ogres
  6 wolves
  10 centaurs
  2 phantoms
  8 bullfrogs
  2 gnoll sergeants
  3 scorpions
  2 water moccasin zombies
  9 killer bees
  9 wights
  5 electric eels (Lair:5)
  2 howler monkeys
  2 lava snakes (Lair:5)
  A bullfrog zombie (D:5)
  7 jellies
  4 centaur zombies
  10 orc priests
  A centaur skeleton (D:6)
  Ijyb (D:5)
  3 iguanas
  16 orc wizards
  9 hell rats
  A killer bee zombie (D:6)
  A hound skeleton (D:5)
  3 mummies (Ossuary)
  2 howler monkey zombies
  6 gnolls
  A howler monkey skeleton (D:3)
  9 adders
  2 ufetubi
  2 adder skeletons (D:4)
  2 worms
  3 dart slugs
  46 orcs
  5 ball pythons
  5 endoplasms
  4 goblins
  4 hobgoblins
  3 quokkas
  4 bats (D:2)
  3 frilled lizards
  A gnoll zombie (Ossuary)
  3 goblin zombies (Ossuary)
  A hobgoblin zombie (Ossuary)
  3 kobolds
  3 kobold zombies (Ossuary)
  4 rats
706 creatures vanquished.

Vanquished Creatures (others)
  23 demonic plants (Gauntlet)
  19 fungi
  53 plants
95 creatures vanquished.

Grand Total: 801 creatures vanquished

Notes
Turn   | Place    | Note
-------+----------+-------------------------------------------
     0 | D:1      | danielguo94 the Gargoyle Fighter began the quest for the
                  | Orb.
     0 | D:1      | Reached XP level 1. HP: 14/14 MP: 1/1
    28 | D:1      | Found a faded altar of an unknown god.
   183 | D:1      | Reached XP level 2. HP: 7/19 MP: 2/2
   932 | D:2      | Reached XP level 3. HP: 20/23 MP: 3/3
  1135 | D:2      | Reached skill level 3 in Maces & Flails
  1565 | D:3      | Reached XP level 4. HP: 29/29 MP: 4/4
  1845 | D:3      | Reached skill level 4 in Maces & Flails
  1845 | D:3      | Reached XP level 5. HP: 21/33 MP: 5/5
  1911 | D:3      | Identified the +3 ring mail of the Hall of Blades {rPois
                  | rC+}
  2412 | D:4      | Noticed a phantom
  2419 | D:4      | Killed a phantom
  2420 | D:4      | Reached skill level 5 in Maces & Flails
  2420 | D:4      | Reached XP level 6. HP: 35/38 MP: 6/6
  3252 | D:4      | Reached XP level 7. HP: 22/43 MP: 7/7
  3256 | D:4      | Reached skill level 6 in Maces & Flails
  3657 | D:5      | Entered Level 5 of the Dungeon
  3659 | D:5      | Noticed Ijyb
  3667 | D:5      | Killed Ijyb
  3768 | D:5      | Reached skill level 1 in Dodging
  3795 | D:5      | Reached skill level 7 in Maces & Flails
  3967 | D:5      | Reached XP level 8. HP: 48/48 MP: 8/8
  3971 | D:5      | Found an ancient bone altar of Kikubaaqudgha.
  4273 | D:6      | Reached skill level 5 in Armour
  4452 | D:6      | Identified the +3 ring mail of the Dungeon {+Inv rN+++
                  | Regen+ Stlth-}
  4772 | D:6      | Reached skill level 8 in Maces & Flails
  5331 | D:6      | Reached skill level 5 in Fighting
  5990 | D:7      | Noticed a wyvern
  6004 | D:7      | Killed a wyvern
  6005 | D:7      | Reached skill level 9 in Maces & Flails
  6005 | D:7      | Reached XP level 9. HP: 4/54 MP: 9/9
  6523 | D:7      | Identified the ring "Luarroen" {rC+ Str-2 Dex+2 Slay+5}
  6799 | D:7      | Reached skill level 10 in Maces & Flails
  7079 | D:7      | Found a staircase to the Ecumenical Temple.
  7097 | Temple   | Entered the Ecumenical Temple
  7520 | Temple   | Became a worshipper of the Shining One
  7589 | D:7      | Noticed a komodo dragon
  7600 | D:7      | Killed a komodo dragon
  7923 | D:7      | Reached skill level 11 in Maces & Flails
  7975 | D:7      | Reached skill level 5 in Shields
  7975 | D:7      | Reached XP level 10. HP: 53/60 MP: 10/10
  8316 | D:8      | Found a sand-covered staircase.
  8325 | Ossuary  | Entered an ossuary
  8336 | Ossuary  | Reached * piety under the Shining One
  8895 | D:8      | Noticed a cyclops
  8895 | D:8      | Noticed a boulder beetle
  8895 | D:8      | Reached ** piety under the Shining One
  8901 | D:8      | Killed a cyclops
  9014 | D:8      | Noticed Prince Ribbit
  9171 | D:8      | Killed Prince Ribbit
  9174 | D:8      | Reached skill level 12 in Maces & Flails
  9174 | D:8      | Reached XP level 11. HP: 61/68 MP: 11/11
  9187 | D:8      | Noticed a two-headed ogre
  9192 | D:8      | Reached skill level 13 in Maces & Flails
  9192 | D:8      | Reached XP level 12. HP: 71/75 MP: 11/14
  9206 | D:8      | Killed a two-headed ogre
  9354 | D:8      | Killed a boulder beetle
  9355 | D:8      | Reached skill level 5 in Evocations
 10374 | D:9      | Reached skill level 14 in Maces & Flails
 10425 | D:9      | Found a staircase to the Lair.
 10652 | Lair:1   | Entered Level 1 of the Lair of Beasts
 11230 | Lair:1   | Reached XP level 13. HP: 63/80 MP: 15/15
 12661 | Lair:3   | Found a runed translucent gate.
 12661 | Lair:3   | Found a runed translucent gate.
 12661 | Lair:3   | Found a runed translucent gate.
 12664 | Lair:3   | Noticed a minotaur
 12665 | Lair:3   | Noticed Ixoagrun's ghost (journeyman MiFi)
 12984 | Lair:3   | Found a gate leading to a gauntlet.
 12995 | Gauntlet | Entered a Gauntlet
 12995 | Gauntlet | Found a transporter.
 12995 | Gauntlet | Found a transporter.
 12995 | Gauntlet | Found a transporter.
 13006 | Gauntlet | Found a transporter.
 13008 | Gauntlet | Found a transporter.
 13016 | Gauntlet | Found a transporter.
 13019 | Gauntlet | Found a transporter.
 13023 | Gauntlet | Found a runed translucent door.
 13025 | Gauntlet | Found a runed translucent door.
 13026 | Gauntlet | Reached *** piety under the Shining One
 13027 | Gauntlet | Found a transporter.
 13042 | Gauntlet | Noticed a balrug
 13046 | Gauntlet | Found a transporter.
 13063 | Gauntlet | Found a transporter.
 13066 | Gauntlet | Found a transporter.
 13076 | Gauntlet | Found a transporter.
 13163 | Gauntlet | Reached skill level 10 in Fighting
 13501 | Gauntlet | Reached skill level 10 in Armour
 13506 | Gauntlet | Identified the amulet "Ashrayl" {Regen+ Str+5 Dex+3 Stlth-}
 13796 | Gauntlet | Noticed a minotaur
 13810 | Gauntlet | Killed a minotaur
 13811 | Gauntlet | Reached skill level 15 in Maces & Flails
 14762 | Lair:4   | Reached **** piety under the Shining One
 14865 | Lair:4   | Found a hole to the Spider Nest.
 15195 | Lair:4   | Found a staircase to the Swamp.
 15568 | Lair:5   | Gained mutation: Your large and strong wings let you fly.
                  | [Gargoyle growth]
 15568 | Lair:5   | Reached XP level 14. HP: 88/88 MP: 16/16
 15762 | Lair:5   | Reached skill level 16 in Maces & Flails
 16419 | Lair:6   | Entered Level 6 of the Lair of Beasts
 16424 | Lair:6   | Reached skill level 5 in Dodging
 16431 | Lair:6   | Reached ***** piety under the Shining One
 16960 | Lair:6   | Identified the +2 cloak of Temperance {Harm rElec rN+ SInv}
 17063 | Lair:6   | Identified the -2 cloak of Hopscotch {rC+ Dex+3}
 17267 | Lair:6   | Reached skill level 17 in Maces & Flails
 17272 | Lair:6   | Reached XP level 15. HP: 59/96 MP: 17/17
 17324 | Lair:6   | Found a staircase to the Slime Pits.
 17324 | Lair:6   | Found a runed translucent gate.
 17324 | Lair:6   | Found a runed translucent gate.
 17324 | Lair:6   | Noticed an azure jelly
 17324 | Lair:6   | Noticed an acid blob
 17326 | Lair:6   | Found a runed translucent gate.
 17326 | Lair:6   | Noticed an azure jelly
 17326 | Lair:6   | Noticed a rockslime
 17326 | Lair:6   | Noticed an acid blob
 17327 | Lair:6   | Noticed an acid blob
 17328 | Lair:6   | Noticed an azure jelly
 17782 | Lair:6   | Noticed Zonian's ghost (journeyman DjIE)
 17784 | Lair:6   | Noticed an acid blob
 17787 | Lair:6   | Found a viscous altar of Jiyva.
 17969 | Lair:3   | Killed Ixoagrun's ghost
 18096 | D:10     | Entered Level 10 of the Dungeon
 18219 | D:10     | Noticed Urug
 18229 | D:10     | Killed Urug
 18290 | D:10     | Found the amulet of Vitality {Regen+ HP+15}
 18559 | D:10     | Found a portal to a secret trove of treasure.
 19010 | D:11     | Reached ****** piety under the Shining One
 19282 | D:12     | Found a runed translucent gate.
 19282 | D:12     | Found a runed translucent gate.
 19282 | D:12     | Found a runed translucent gate.
 19283 | D:12     | Noticed Xqipyl's ghost (journeyman GrFE)
 19283 | D:12     | Noticed Tinen's ghost (journeyman TrMo)
 19322 | D:12     | Killed Xqipyl's ghost
 19335 | D:12     | Killed Tinen's ghost
 19578 | D:12     | Reached skill level 10 in Shields
 19579 | D:12     | Found a staircase to the Orcish Mines.
 20042 | Orc:1    | Entered Level 1 of the Orcish Mines
 20044 | Orc:1    | Noticed an orc warlord
 20443 | D:13     | Found a glowing silver altar of Zin.
 20848 | D:11     | Killed an orc warlord
 21254 | Orc:1    | Found Adume's Firing Range.
 21393 | Orc:1    | Identified 2 scrolls of acquirement
 21394 | Orc:1    | Acquired a +2 eveningstar of freezing
 21400 | Orc:1    | Acquired a manual of Armour
 21407 | Orc:2    | Entered Level 2 of the Orcish Mines
 21430 | Orc:2    | Found Noowekk's Weapon Shoppe.
 21430 | Orc:2    | Found Rudgh's Magic Scroll Boutique.
 21430 | Orc:2    | Found Pyelieq's Jewellery Shop.
 21430 | Orc:2    | Found Vare's Assorted Antiques.
 21660 | Orc:2    | Reached skill level 18 in Maces & Flails
 21664 | Orc:2    | Reached XP level 16. HP: 61/104 MP: 18/18
 22043 | Orc:2    | Found Atymp's Jewellery Boutique.
 22080 | Orc:2    | Bought a scroll of noise for 14 gold pieces
 22081 | Orc:2    | Bought a scroll of enchant weapon for 105 gold pieces
 22081 | Orc:2    | Bought a scroll of enchant armour for 105 gold pieces
 22081 | Orc:2    | Bought a scroll of identify for 28 gold pieces
 22081 | Orc:2    | Bought a scroll of identify for 28 gold pieces
 22081 | Orc:2    | Bought a scroll of teleportation for 42 gold pieces
 22081 | Orc:2    | Bought a scroll of vulnerability for 105 gold pieces
 22081 | Orc:2    | Bought a scroll of brand weapon for 280 gold pieces
 22086 | Orc:2    | Bought a scroll labelled USSOGG ZIMMOI for 26 gold pieces
 22086 | Orc:2    | Bought a scroll of enchant weapon for 195 gold pieces
 22086 | Orc:2    | Bought a wand of digging (2) for 208 gold pieces
 22345 | Orc:2    | Found a staircase to the Elven Halls.
 22555 | D:14     | Found a gate to the Vaults.
 22675 | D:14     | Found Nezaug's Island Escapes.
 22785 | D:14     | Noticed Azrael
 22794 | D:14     | Killed Azrael
 22837 | D:14     | Bought a scroll of blinking for 75 gold pieces
 22837 | D:14     | Bought a scroll of fog for 20 gold pieces
 22837 | D:14     | Bought a scroll of fog for 20 gold pieces
 22837 | D:14     | Bought a scroll of fog for 20 gold pieces
 22944 | D:14     | Noticed Jorgrun
 22969 | D:14     | Killed Jorgrun
 23094 | D:14     | Noticed Nessos
 23103 | D:14     | Killed Nessos
 23427 | D:15     | Entered Level 15 of the Dungeon
 23639 | D:15     | Found a broken altar of Ashenzari.
 23836 | D:15     | Found a staircase to the Depths.
 24403 | Spider:1 | Entered Level 1 of the Spider Nest
 24602 | Spider:1 | Reached skill level 10 in Evocations
 24679 | Spider:1 | Noticed Asterion
 24688 | Spider:1 | Killed Asterion
 24697 | Spider:1 | Identified a +4 broad axe of holy wrath (a +2 broad axe of
                  | flaming blessed by the Shining One)
 24697 | Spider:1 | Received a gift from the Shining One
 24772 | Spider:1 | Noticed Rupert
 24907 | Spider:1 | Paralysed by Rupert for 7 turns
 24922 | Spider:1 | Killed Rupert
 25067 | Spider:1 | Noticed Mlioglotl
 25079 | Spider:1 | Killed Mlioglotl
 25080 | Spider:1 | Reached skill level 19 in Maces & Flails
 25080 | Spider:1 | Reached XP level 17. HP: 111/111 MP: 19/19
 25557 | Spider:2 | Found a transporter.
 25557 | Spider:2 | Found the +8 arc blade {discharge, rElec}
 25596 | Spider:2 | Noticed Vuykkinei's ghost (adept TrBe)
 25859 | Spider:2 | Found a transporter.
 26325 | Spider:3 | Mangled by a culicivora

Illustrated notes

Levels and vault maps discovered:
D:1:      ncdulo_wetmaze, layout_loops_ring, basic_ecumenical_altar,
          grunt_decor_mini_mirrors
D:2:      layout_basic
D:3:      layout_loops_ring, serial_rivers, chequers_serial_rivers_small_a,
          chequers_serial_rivers_room_b, chequers_serial_rivers_room_a,
          chequers_serial_rivers_micro_c, chequers_serial_rivers_micro_e,
          minmay_liquid_box, kennysheep_generic_room_14
D:4:      layout_basic, chequers_serial_rivers_micro_c
D:5:      layout_cave_pools, mainiacjoe_overflow_brackets, uniq_ijyb
D:6:      layout_layer_cave, hex_medium
D:7:      minmay_evil_eye, layout_basic, minmay_temple_entry_junction,
          hangedman_misty_isle
D:8:      layout_basic, nicolae_ossuary_entry_monument, grunt_decor_cap,
          uniq_prince_ribbit1
D:9:      layout_rooms, erik_lair_dragon
D:10:     layout_roguey, nicolae_trove_entry_diagonal,
          hellmonk_guarded_unrand_vitality_bloodlust, uniq_urug
D:11:     layout_rooms, minmay_fractal_squares_diagonal_5
D:12:     layout_gridville, david_orc_2, gammafunk_ghost_cemetery
D:13:     layout_basic, minmay_misc_feat_x, zin_academy
D:14:     layout_cave_pods, david_vaults_2, hangedman_abyss_or_decor_stagger,
          nicolae_island_escapes, uniq_nessos, uniq_jorgrun, uniq_azrael
D:15:     grunt_enter_depths_hoard, layout_cave_pools,
          cheibrodos_ashenzari_chains, serial_column_ruins, column_ruins_hut,
          column_ruins_open_small, column_ruins_open_medium,
          column_ruins_grid_4, column_ruins_grid_3, column_ruins_columns_corner,
          chequers_serial_rivers_small_b, minmay_rotating_lava
Temple:   mainiacjoe_temple_trianglar_array
Lair:1:   layout_small_grid, st_stairs_9
Lair:2:   layout_cave_shapes, minivault_11, nicolae_quartered_pool_impasse,
          serial_bayou_crossing
Lair:3:   layout_cave_pods, gauntlet_entry_generic,
          maelrawn_ghost_gauntlet_escape
Lair:4:   layout_cave_pods, minmay_swamp_entry_swarm,
          hellmonk_spider_entry_life_and_decay, serial_bayou_shore_a,
          infiniplex_staircase_pool_2, grunt_megastairs_2
Lair:5:   layout_small_grid, st_stairs_11, nicolae_lair_liquid_snakes
Lair:6:   minmay_lair_end_frog_pond, layout_gridlike,
          minmay_slime_entry_pillars, gammafunk_ghost_ooze, serial_bayou_shore_b
Spider:1: layout_spider_delve, uniq_mlioglotl, uniq_rupert, uniq_asterion
Spider:2: layout_spider_delve, gammafunk_ghost_mausoleum
Spider:3: layout_cave_pods
Orc:1:    layout_caves, nicolae_shop_firing_range
Orc:2:    st_orc_ogre_mass, layout_caves, serial_shops, shop

Skill      XL: |  1  2  3  4  5  6  7  8  9 10 11 12 13 14 15 16 17 |
---------------+----------------------------------------------------+-----
Maces & Flails | 3 4 5 7 9 11 12 13 14 15 17 18 19 | 19.4
Fighting       | 4 5 6 7 8 9 10 12 13 14 | 14.6
Armour         | 4 5 6 8 9 10 11 12 13 14 | 14.1
Shields        | 4 5 6 7 8 9 10 11 12 | 12.7
Dodging        | 1 3 4 5 6 |  6.2
Evocations     | 3 4 5 6 8 9 10 | 10.5
Invocations    | 2 4 |  4.1

Action                   |  1- 3 |  4- 6 |  7- 9 | 10-12 | 13-15 | 16-18 || total
-------------------------+-------+-------+-------+-------+-------+-------++-------
Melee: Flail             |   100 |   115 |   264 |   298 |   187 |       ||   964
       Morningstar       |       |       |       |       |   932 |       ||   932
       Eveningstar       |       |       |       |       |    56 |   648 ||   704
Throw: Stone             |       |       |     1 |     2 |       |       ||     3
Invok: Divine Shield     |       |       |       |       |     1 |       ||     1
       Brand Weapon With |       |       |       |       |       |     1 ||     1
Evoke: Wand              |       |       |     1 |       |       |       ||     1
  Use: Scroll            |     2 |       |     6 |     3 |     9 |    19 ||    39
       Potion            |       |       |       |     8 |     1 |     1 ||    10
Armor: Scale mail        |    56 |    49 |     6 |       |       |       ||   111
       Chain mail        |       |       |   170 |   121 |   668 |   440 ||  1399
Dodge: Dodged            |    44 |    48 |    78 |   104 |   558 |   320 ||  1152
Block: Buckler           |    14 |    29 |    68 |    67 |   259 |       ||   437
       Kite shield       |       |       |       |       |   297 |   521 ||   818
